 Dungeon Crawl Stone Soup version 0.24.0-37-gcf1ca852f1 (webtiles) character file.

Game seed: 17038344052098801020, levelgen mode: deterministic

387 Delamore the Cleaver (level 6, -13/51 HPs)
             Began as a Hill Orc Fighter on Nov 28, 2019.
             Mangled by an ogre
             ... wielding a +0 giant spiked club
              (15 damage)
             ... on level 4 of the Dungeon.
             The game lasted 00:04:11 (3070 turns).

Delamore the Cleaver (Hill Orc Fighter)             Turns: 3070, Time: 00:04:12

Health: -13/51     AC:  9    Str: 21    XL:     6   Next: 78%
Magic:  6/6        EV:  7    Int:  8    God:
Gold:   151        SH:  9    Dex: 10    Spells: 5/5 levels left

rFire    . . .     SeeInvis .   a - +0 war axe
rCold    . . .     Gourm    .   c - +0 shield
rNeg     . . .     Faith    .   b - +0 scale mail
rPois    .         Spirit   .   (no helmet)
rElec    .         Reflect  .   (no cloak)
rCorr    .         Harm     .   q - +0 pair of gloves (curse)
MR       .....                  o - +0 pair of boots
Stlth    ..........             (no amulet)
HPRegen  0.17/turn              (no ring)
MPRegen  0.10/turn              (no ring)

@: no status effects
A: no striking features
a: no special abilities


You were on level 4 of the Dungeon.
You were not hungry.

You visited 1 branch of the dungeon, and saw 4 of its levels.

You collected 151 gold pieces.

Inventory:

Hand Weapons
 a - a +0 war axe (weapon)
Missiles
 s - 3 javelins (quivered)
Armour
 b - a +0 scale mail (worn)
 c - a +0 shield (worn)
 o - a +0 pair of boots (worn)
 q - a cursed +0 pair of gloves (worn)
Wands
 v - a wand of flame (9)
Scrolls
 g - a scroll of remove curse {unknown}
 h - a scroll of random uselessness {unknown}
 i - 2 scrolls of immolation {unknown}
 j - a scroll of amnesia {unknown}
 l - a scroll of fear {unknown}
 m - 2 scrolls of fog {unknown}
 n - 3 scrolls of identify {unknown}
Potions
 d - a potion of might
 e - a potion of ambrosia {unknown}
 k - 3 potions of cancellation {unknown}
 p - 2 potions of berserk rage {unknown}
 t - a potion of flight {unknown}
 u - a potion of curing {unknown}
 w - a potion of haste {unknown}
Comestibles
 f - 9 rations
 r - 4 chunks of flesh


   Skills:
 - Level 3.6 Fighting
 + Level 9.2 Axes
 - Level 3.2 Armour
 - Level 3.2 Shields


You had 5 spell levels left.
You didn't know any spells.
Your spell library was empty.

Dungeon Overview and Level Annotations

Branches:
Dungeon (4/15)
 Temple: D:4-7

Altars:
Makhleb
Ru


Message History

You block the ogre's attack.
You slash the ogre!
The ogre is heavily wounded.
Your shield prevents you from hitting the ogre.
The ogre is heavily wounded.
The ogre hits you with a +0 giant spiked club!!
You are too injured to fight recklessly!
You hit the ogre but do no damage.
The ogre is heavily wounded.
The ogre barely misses you.
You hit the ogre.
The ogre is heavily wounded.
The ogre hits you with a +0 giant spiked club!!
* * * LOW HITPOINT WARNING * * *
You slash the ogre!
The ogre is almost dead.
You barely miss the ogre.
The ogre is almost dead.
The ogre hits you with a +0 giant spiked club!
You die...

##########
#........#
#........#
#....O@..###
####.###...###
# #...'.# ##
#...#.#### .#
#.....+....# .#
#.#...##.#.# .#
#.#.$....#.####
.# #
...#........#
.#
....#.###.##.#


You could see an ogre.

Vanquished Creatures
  A phantom (D:4)
  3 hounds
  An orc wizard (D:3)
  A worker ant (D:4)
  4 adders
  An ooze (D:2)
  2 adder skeletons (D:4)
  2 worms
  10 dart slugs
  A leopard gecko (D:1)
  3 orcs (D:3)
  3 giant cockroaches
  10 hobgoblins
  8 jackals
  9 kobolds
  4 quokkas
  2 ball pythons (D:4)
  9 bats
  A frilled lizard (D:2)
  8 goblins
  9 rats
92 creatures vanquished.

Notes
Turn   | Place    | Note
-------+----------+-------------------------------------------
     0 | D:1      | Delamore the Hill Orc Fighter began the quest for the Orb.
     0 | D:1      | Reached XP level 1. HP: 19/19 MP: 1/1
    35 | D:1      | Reached skill level 3 in Axes
   155 | D:1      | Reached XP level 2. HP: 24/26 MP: 2/2
   218 | D:1      | Reached skill level 4 in Axes
   485 | D:1      | Reached XP level 3. HP: 31/31 MP: 3/3
   900 | D:2      | Reached skill level 5 in Axes
  1061 | D:2      | Found a sacrificial altar of Ru.
  1174 | D:2      | Reached XP level 4. HP: 39/39 MP: 4/4
  1183 | D:2      | Found a burning altar of Makhleb.
  1190 | D:2      | Reached skill level 6 in Axes
  1436 | D:2      | Reached XP level 5. HP: 45/45 MP: 5/5
  2096 | D:3      | Reached skill level 7 in Axes
  2774 | D:4      | Reached skill level 8 in Axes
  2774 | D:4      | Reached XP level 6. HP: 33/51 MP: 6/6
  2824 | D:4      | Noticed a phantom
  2880 | D:4      | Killed a phantom
  2880 | D:4      | Reached skill level 9 in Axes
  3068 | D:4      | HP: 2/51 [ogre/+0 giant spiked club (19)]
  3070 | D:4      | Mangled by an ogre

Levels and vault maps discovered:
D:1:      co_arrival_random_square_maze, layout_basic, minmay_tall_x
D:2:      layout_loops_corners, makhleb_heckhound_becter, minivault_5,
          nicolae_ru_path_of_blood
D:3:      kennysheep_slugbush, layout_basic, first_ration
D:4:      layout_basic, enter_ossuary_1, cheibrodos_gnoll_hut

Skill      XL: |  1  2  3  4  5  6 |
---------------+-------------------+-----
Axes           | 3 4 5 6 8 9 |  9.2
Fighting       | |  3.6
Armour         | |  3.2
Shields        | |  3.2

Action                   |  1- 3 |  4- 6 || total
-------------------------+-------+-------++-------
Melee: War axe           |   113 |   167 ||   280
Throw: Javelin           |       |     3 ||     3
  Eat: Chunk             |     1 |     6 ||     7
Armor: Scale mail        |    54 |    91 ||   145
Dodge: Dodged            |    32 |    49 ||    81
Block: Shield            |    65 |    89 ||   154
